 Dungeon Crawl Stone Soup version 0.16-a0-2818-g1ef6e07 (webtiles) character file.

1400 Engwar the Conjurer (level 8, -7/41 HPs)
             Began as a Deep Elf Fire Elementalist on Nov 27, 2014.
             Shot with a sling bullet by Joseph (10 damage)
             ... on level 7 of the Dungeon on Nov 28, 2014.
             The game lasted 00:39:19 (5307 turns).

Engwar the Conjurer (Deep Elf Fire Elementalist)    Turns: 5307, Time: 00:39:19

Health: -7/41      AC:  4    Str:  6    XL:     8   Next: 41%
Magic:  20/24      EV: 12    Int: 22    God:
Gold:   186        SH:  4    Dex: 15    Spells: 6 memorised, 1 level left

rFire  . . .     SeeInvis .     h - +0 dagger
rCold  . . .     Clarity  .     a - +0 robe
rNeg   + . .     SustAb   .     r - +0 buckler
rPois  +         Gourm    .     (no helmet)
rElec  .         Spirit   .     x - +0 cloak
rCorr  .         Warding  .     t - +0 pair of gloves
rMut   .         Stasis   .     (no boots)
MR     .....                    (no amulet)
Stlth  ++........               s - ring of positive energy
                                o - ring of poison resistance

@: not resistant to hostile enchantments, unstealthy
A: no striking features
a: no special abilities


You were on level 7 of the Dungeon.
You were not hungry.

You visited 1 branch of the dungeon, and saw 7 of its levels.
You also visited: Sewer.

You collected 428 gold pieces.
You spent 242 gold pieces at shops.


   Skills:
 - Level 2.4 Dodging
 - Level 3.1 Stealth
 - Level 1.0 Shields
 - Level 5.3 Spellcasting
 + Level 7.7 Conjurations
 + Level 7.7 Fire Magic


You had one spell level left.
You knew the following spells:

 Your Spells              Type           Power        Failure   Level  Hunger
c - Sticky Flame          Conj/Fire      #####...     4%          4    ####...
v - Fireball              Conj/Fire      #####.....   12%         5    #####..
x - Throw Flame           Conj/Fire      #####.       1%          2    None
y - Conjure Flame         Conj/Fire      #####...     1%          3    ##.....
z - Flame Tongue          Conj/Fire      #####        1%          1    None
R - Summon Butterflies    Summ           #.......     12%         1    None

Inventory:

Hand weapons
 h - a +0 dagger (weapon)
Missiles
 d - 27 stones (quivered)
Armour
 a - a +0 robe (worn)
 r - a +0 buckler (worn)
 t - a +0 pair of gloves (worn)
 x - a +0 cloak (worn)
Jewellery
 b - an uncursed ring of protection from cold
 n - an uncursed ring of sustain abilities
 o - a ring of poison resistance (left hand)
 s - a ring of positive energy (right hand)
 y - an uncursed ring of flight
Magical devices
 k - a wand of digging (17)
Scrolls
 f - 4 scrolls of teleportation
 j - 4 scrolls of identify
 m - a scroll of remove curse
Potions
 e - a potion of curing
 i - a potion of restore abilities
 l - a potion of lignification {!q}
 p - 2 potions of brilliance
 q - a potion of resistance
 u - a potion of agility
 w - a potion of berserk rage
 z - 2 potions of heal wounds
Comestibles
 c - 4 bread rations
 g - 4 meat rations
 v - a chunk of flesh

{@*1} ###
#####...[
##.....###
#.........#
#### #.<# ..)
#.>#
#.###..######
#.e(@.........
#.####.#.###.
... #.#.#
(.... #.# #
#.#... ... #
#?.. #.# #...
.# #.## #


You could see Joseph (burning).


Message History

You kill the goblin!
Joseph shoots a sling bullet.
The sling bullet hits you!
* * * LOW HITPOINT WARNING * * *
The sling bullet burns you!
* * * LOW HITPOINT WARNING * * *
Things that are here:
a sling bullet; a dagger; a goblin corpse Joseph unwields an uncursed hunting sling of flaming.
It stops flaming.
Joseph wields an uncursed quarterstaff of speed.
Joseph misses you.
Aiming: Sticky Flame
Aim: Joseph, wielding a quarterstaff of speed and wearing a ring mail The sticky flame hits Joseph.
Joseph is lightly wounded.
Joseph is covered in liquid flames!
Joseph burns!
Joseph hits you with an uncursed quarterstaff of speed.
* * * LOW HITPOINT WARNING * * *
Drink which item? (? for menu, Esc to quit)
You feel better.
Joseph burns!
Joseph hits you with an uncursed quarterstaff of speed.
* * * LOW HITPOINT WARNING * * *
Joseph burns!
Things that are here:
a sling bullet; a dagger; a goblin corpse Joseph burns!
Joseph unwields an uncursed quarterstaff of speed.
Joseph wields an uncursed hunting sling of flaming.
It bursts into flame!
Joseph shoots a sling bullet.
The sling bullet hits you!
You die...

Action                   |  1- 3 |  4- 6 |  7- 9 || total
-------------------------+-------+-------+-------++-------
Melee: Dagger            |       |       |    37 ||    37
Throw: Stone             |     2 |     5 |       ||     7
 Cast: Flame Tongue      |    90 |   128 |    94 ||   312
       Throw Flame       |     3 |    10 |     8 ||    21
       Conjure Flame     |       |     4 |     2 ||     6
       Sticky Flame      |       |     1 |    15 ||    16
       Fireball          |       |       |     2 ||     2
  Use: Scroll            |     5 |     4 |     6 ||    15
       Potion            |     1 |       |     3 ||     4
  Eat: Chunk             |     3 |     6 |     6 ||    15
       Beef jerky        |       |       |     1 ||     1

Vault maps used:
D:1:      lightli_arrival_statuegarden
D:2:      first_bread
D:3:      old_standard_altar, old_standard_altar, uniq_natasha
D:4:      yredelemnul_altar_generic
D:5:      serial_shops, shop, portal_sewer_entry_d
D:6:      okawaru_metal_pillars_1_2, uniq_eustachio, uniq_menkaure,
          uniq_prince_ribbit1
D:7:      minmay_temple_entry_glassed_door, the_bakery, uniq_duvessa,
          uniq_joseph
Sewer:    sewer_ratzerg_badplayer

Notes
Turn   | Place    | Note
--------------------------------------------------------------
     0 | D:1      | Engwar, the Deep Elf Fire Elementalist, began the quest for the Orb.
     0 | D:1      | Reached XP level 1. HP: 10/10 MP: 5/5
   188 | D:1      | Reached skill level 2 in Conjurations
   188 | D:1      | Reached XP level 2. HP: 15/15 MP: 6/8
   208 | D:1      | Learned a level 2 spell: Throw Flame
   771 | D:1      | Reached skill level 3 in Conjurations
   771 | D:1      | Reached XP level 3. HP: 19/19 MP: 1/10
   780 | D:1      | Learned a level 3 spell: Conjure Flame
  1846 | D:3      | Noticed Natasha
  1867 | D:3      | Killed Natasha
  1867 | D:3      | Reached skill level 4 in Fire Magic
  1867 | D:3      | Reached XP level 4. HP: 24/24 MP: 1/13
  1993 | D:3      | Found a sparkling altar of Nemelex Xobeh.
  2016 | D:3      | Reached skill level 4 in Conjurations
  2171 | D:3      | Reached XP level 5. HP: 28/28 MP: 0/16
  2356 | D:3      | Noticed Natasha
  2366 | D:3      | Killed Natasha
  2630 | D:3      | Found a bloodstained altar of Trog.
  2633 | D:3      | Reached skill level 5 in Fire Magic
  2721 | D:3      | Learned a level 4 spell: Sticky Flame
  2846 | D:4      | Found a basalt altar of Yredelemnul.
  2866 | D:4      | Noticed an ogre
  2892 | D:4      | Killed an ogre
  2892 | D:4      | Reached skill level 5 in Conjurations
  2892 | D:4      | Reached XP level 6. HP: 32/32 MP: 3/18
  3067 | D:4      | Upgraded the game from 0.16-a0-2755-gf4312ef to 0.16-a0-2818-g1ef6e07
  3261 | D:4      | Reached skill level 4 in Spellcasting
  3357 | D:5      | Entered Level 5 of the Dungeon
  3394 | D:5      | Reached skill level 5 in Spellcasting
  3401 | D:5      | Learned a level 5 spell: Fireball
  3568 | D:5      | Reached skill level 3 in Stealth
  3568 | D:5      | Reached XP level 7. HP: 29/36 MP: 13/23
  3686 | D:5      | Learned a level 1 spell: Summon Butterflies
  3695 | D:5      | Reached skill level 6 in Fire Magic
  3828 | D:5      | Reached skill level 6 in Conjurations
  3861 | D:5      | Found Twiosud's Antique Armour Shop.
  3958 | D:5      | Found a glowing drain.
  3974 | Sewer    | Entered a sewer
  4332 | D:5      | Bought a buckler for 121 gold pieces
  4332 | D:5      | Bought a cloak for 121 gold pieces
  4538 | D:5      | Reached skill level 1 in Shields
  4627 | D:5      | Reached skill level 7 in Conjurations
  4878 | D:6      | Noticed Eustachio
  4884 | D:6      | Noticed Menkaure
  4887 | D:6      | Killed Eustachio
  4887 | D:6      | Reached skill level 7 in Fire Magic
  4887 | D:6      | Reached XP level 8. HP: 19/41 MP: 11/24
  5295 | D:7      | Noticed Joseph
  5304 | D:7      | HP: 2/41 [Joseph/uncursed quarterstaff of speed (4)]
  5307 | D:7      | Shot with a sling bullet by Joseph

Vanquished Creatures
  Eustachio (D:6)
  2 sky beasts (D:5)
  An orc warrior (D:6)
  2 ogres
  An ice beast (D:5)
  3 giant frogs (D:6)
  A scorpion (D:5)
  5 hounds
  A giant frog skeleton (D:5)
  2 iguanas
  Natasha (twice) (D:3)
  An orc wizard (D:5)
  5 gnolls
  A hound skeleton (D:5)
  A river rat (D:6)
  A shadow imp (D:5)
  5 adders
  2 giant mites (D:5)
  2 worms
  An adder skeleton (D:4)
  3 giant geckos
  An ooze (D:2)
  12 orcs
  6 ball pythons
  12 bats
  7 goblins
  12 hobgoblins
  9 jackals
  3 quokkas
  7 giant cockroaches
  42 giant newts
  11 kobolds
  13 rats
178 creatures vanquished.
